Map: Blueshift LE

Players

Raze - Winner!

  • Race: Protoss Protoss
  • League: Master
  • Spawn Location: 1:00

Dolan

  • Race: Terran Terran
  • League: Grandmaster
  • Spawn Location: 7:00

Event: WCS Montreal 2018

VOD

Have the link to the VOD?

Description

Time

  • Played on: Sept. 7, 2018, 4:13 p.m.
  • Length: 11:48

All games in this series

Show
View Real Time Build Order
Export as new Build Order

Raze Protoss - Winner!

Build Orders: Oracle Opening 

Get SALT Encoding   

  12  0:00  Probe  
  13  0:13  Probe  
  14  0:18  Pylon  
  14  0:24  Probe  
  15  0:32  Probe  
  15  0:38  Gateway  
  15  0:40  Probe  
  16  0:46  Assimilator  
  17  0:51  Probe  
  18  0:58  Assimilator  
  18  1:00  Probe  
  19  1:08  Probe  
  19  1:17  Probe  
  20  1:25  Cybernetics Core  
  21  1:27  Pylon  
  21  1:29  Probe  
  22  1:41  Probe  
  23  1:53  Adept  
  23  1:54  Probe  
  26  2:03  Stargate  
  26  2:06  Pylon  
  26  2:08  Probe  
  27  2:11  Warp Gate  
  27  2:18  Adept  
  29  2:39  Nexus  
  29  2:47  Oracle  
  32  2:56  Probe  
  33  3:07  Gateway  
  33  3:10  Gateway  
  33  3:19  Oracle  
  32  3:21  Pylon, Probe  
  36  3:36  Probe  
  37  3:48  Probe  
  37  3:53  Probe  
  39  3:56  Oracle  
  39  4:01  Probe  
  43  4:09  Probe  
  44  4:16  Stalker x3  
  50  4:17  Probe  
  50  4:18  Probe  
  52  4:25  Probe  
  52  4:26  Pylon, Probe  
  54  4:35  Probe  
  54  4:36  Probe, Oracle  
  57  4:45  Pylon  
  59  4:51  Probe x2  
  57  5:03  Probe  
  57  5:07  Probe  
  59  5:13  Oracle  
  62  5:14  Nexus  
  62  5:15  Probe  
  62  5:16  Pylon  
  62  5:20  Probe  
  64  5:25  Assimilator  
  64  5:27  Probe  
  65  5:29  Twilight Council  
  65  5:31  Forge  
  65  5:33  Probe  
  66  5:40  Probe, Assimilator  
  63  5:48  Stalker x2  
  65  5:50  Stalker  
  65  5:54  Probe x2  
  69  6:10  Probe x2  
  71  6:11  Stalker x3  
  77  6:21  Pylon  
  77  6:28  Zealot x3  
  83  6:34  Probe x2  
  83  6:37  Charge  
  78  6:40  Probe  
  78  6:46  Probe x2  
  63  6:50  Stalker x3  
  62  7:07  Probe  
  63  7:09  Protoss Ground Armor Level 1, Zealot x2  
  63  7:13  Zealot  
  69  7:21  Probe x3  
  72  7:33  Probe x2  
  74  7:37  Sentry  
  74  7:38  Sentry, Zealot  
  74  7:41  Gateway  
  74  7:43  Gateway, Probe  
  81  7:45  Gateway, Probe  
  81  7:50  Probe  
  81  7:51  Robotics Facility  
  83  8:05  Blink  
  83  8:06  Sentry, Zealot x2  
  87  8:24  Gateway  
  87  8:25  Gateway  
  87  8:28  Zealot x2  
  87  8:29  Zealot  
  87  8:31  Probe  
  87  8:33  Immortal  
  94  8:45  Zealot x3  
  94  8:47  Protoss Ground Armor Level 2  
  104  8:49  Templar Archives  
  104  8:53  Probe x2  
  104  8:54  Zealot  
  108  8:55  Pylon  
  108  8:59  Pylon  
  101  9:12  Zealot x5  
  89  9:17  Zealot  
  89  9:24  Immortal  
  81  9:34  High Templar x3  
  81  9:35  High Templar, Zealot  
  81  9:38  Archon  
  91  9:39  Archon  
  91  9:40  Zealot x3  
  91  9:43  Pylon  
  97  10:02  Immortal  
  97  10:04  Stalker x3  
  97  10:05  Zealot  
  97  10:06  Zealot x3  
  115  10:10  Assimilator  
  115  10:12  Assimilator  
  113  10:23  Probe  
  113  10:24  Probe  
  115  10:29  Robotics Bay  
  115  10:32  Immortal  
  115  10:35  Robotics Facility  
  115  10:39  Zealot x6  
  115  10:40  Zealot  
  133  10:47  Pylon  
  133  10:52  Pylon  
  131  11:12  High Templar x2  
  131  11:13  Zealot x6  
  131  11:17  Archon  
  133  11:34  Zealot x6  
Show
View Real Time Build Order
Export as new Build Order

Dolan Terran 

Build Orders: MMM Bio 

Get SALT Encoding   

  12  0:00  SCV  
  13  0:12  SCV  
  14  0:17  Supply Depot  
  14  0:25  SCV  
  15  0:38  SCV  
  15  0:40  Barracks  
  16  0:44  Refinery  
  16  0:50  SCV  
  16  0:56  Refinery  
  17  1:02  SCV  
  18  1:14  SCV  
  19  1:27  Reaper, Orbital Command  
  19  1:31  Supply Depot  
  20  1:53  SCV  
  21  2:00  Command Center  
  21  2:10  Barracks  
  21  2:14  Barracks Reactor  
  21  2:16  SCV  
  22  2:24  Barracks  
  22  2:33  SCV  
  23  2:41  Factory  
  23  2:47  SCV  
  24  2:52  Marine x2  
  24  2:58  Barracks Tech Lab  
  26  3:04  Engineering Bay  
  25  3:08  SCV  
  25  3:12  Marine  
  27  3:21  Marine x2  
  27  3:24  Marine  
  30  3:32  Marine  
  31  3:39  Marine  
  32  3:43  Missile Turret  
  32  3:45  Factory Tech Lab  
  32  3:48  SCV  
  33  3:53  Barracks Tech Lab  
  33  3:55  Marine x2  
  35  3:57  Marine  
  35  4:04  SCV  
  36  4:15  Marine x2  
  36  4:16  SCV, Combat Shields, Marine x2  
  41  4:22  Orbital Command  
  44  4:31  Siege Tank  
  44  4:35  Supply Depot  
  44  4:40  Missile Turret  
  44  4:43  Marine x2  
  45  4:59  Marine x2  
  45  5:01  Marine x2  
  45  5:03  Siege Tank  
  50  5:08  SCV x2  
  52  5:17  Marine x2  
  52  5:19  Supply Depot  
  54  5:35  Stimpack  
  54  5:40  Marine x4  
  54  5:41  Siege Tank  
  60  5:51  SCV x2  
  62  6:05  Barracks Tech Lab  
  62  6:07  Terran Infantry Weapons Level 1  
  62  6:09  Starport  
  62  6:19  Missile Turret  
  62  6:24  Bunker  
  62  6:25  Missile Turret  
  62  6:37  SCV, Marine  
  62  6:38  SCV, Marine x2  
  62  6:40  Marauder  
  47  6:52  Siege Tank  
  48  6:55  Marine x2  
  48  6:56  SCV x2, Marine  
  48  6:58  Concussive Shells  
  48  7:00  Marine  
  54  7:08  SCV x2  
  56  7:13  Starport Reactor, Marine x2  
  56  7:14  Barracks x2, Marine  
  59  7:20  SCV x2  
  59  7:22  Refinery  
  61  7:33  Supply Depot  
  61  7:39  Marine  
  62  7:55  Marauder, SCV x2, Siege Tank, Marine  
  62  7:56  Refinery, Supply Depot  
  70  8:04  Supply Depot  
  70  8:18  Medivac x2, Marauder, Marine x2  
  70  8:19  Terran Infantry Armor Level 1  
  78  8:21  Marine x2  
  78  8:22  Marine, Supply Depot  
  81  8:28  Supply Depot  
  81  8:33  Siege Tank  
  84  8:44  Marine x3  
  84  8:46  Marauder  
  84  8:48  Medivac  
  91  8:54  Marauder, Marine  
  94  8:57  SCV x2  
  94  9:02  Marine  
  91  9:13  Marauder, Marine x2  
  91  9:15  Marauder  
  84  9:19  Marine  
  84  9:20  Marine  
  85  9:26  Liberator  
  80  9:33  Marine x2  
  80  9:35  Marauder  
  82  9:44  Widow Mine  
  82  9:45  Widow Mine  
  88  9:51  SCV x2  
  90  9:52  Ghost Academy  
  90  10:01  Marine x2  
  90  10:02  Marine x2  
  90  10:06  Widow Mine x2  
  100  10:21  Ghost x2  
  98  10:27  Widow Mine x2  
  106  10:30  Medivac, Marine x2  
  110  10:40  Marine x2  
  110  10:41  Supply Depot  
  112  10:49  Widow Mine x2  
  116  11:00  Ghost  
  116  11:02  Marauder  
Tags
 
Add a new tag
Caveats
  • Supply blocks, unpowered buildings, or Contaminate may cause inaccurate times.
  • Supply counts are checked every 10 seconds.